 Dungeon Crawl Stone Soup version 0.16-a0-421-gd787d97 (webtiles) character file.

1801 Ratboiler the Conjurer (level 8, -2/54 HPs)
             Began as a High Elf Conjurer on Sept 15, 2014.
             Was a Believer of Vehumet.
             Slain by a giant frog (6 damage)
             ... on Level 6 of the Dungeon.
             The game lasted 00:30:46 (6529 turns).

Ratboiler the Conjurer (High Elf Conjurer)          Turns: 6529, Time: 00:30:46

HP  -2/54        AC  9     Str  7      XL: 8   Next: 83%
MP   3/23        EV 13     Int 26      God: Vehumet [**....]
Gold 357         SH  0     Dex 16      Spells:  4 memorised,  7 levels left

rFire  + . .     SeeInvis .     a - +2 dagger (venom)
rCold  + . .     Clarity  .     r - +3 leather armour
rNeg   . . .     rCorr    +     (no shield)
rPois  +         rRot     .     (no helmet)
rElec  +         Spirit   .     (no cloak)
SustAb .         Warding  .     d - +2 pair of gloves
rMut   .         Stasis   .     (no boots)
Gourm  .                        (no amulet)
MR     .....                    (no ring)
                                f - ring of invisibility

@: brilliant, resistant, not resistant to hostile enchantments, unstealthy
A: no striking features
a: Renounce Religion, Evoke Invisibility


You were on level 6 of the Dungeon.
You worshipped Vehumet.
Vehumet was pleased with you.
You were not hungry.

You visited 1 branch of the dungeon, and saw 6 of its levels.

You collected 357 gold pieces.

Inventory:

Hand weapons
 a - a +2 dagger of venom (weapon)
 b - a +0 falchion of holy wrath
 e - a +0 short sword of freezing
Armour
 d - a +2 pair of gloves (worn)
 g - a +0 robe
 r - a +3 leather armour (worn)
Magical devices
 v - a wand of random effects (17)
Comestibles
 m - 4 meat rations
 n - 5 rotting chunks of centaur flesh
 q - 4 bread rations
Scrolls
 h - a scroll of identify {unknown}
 i - a scroll of blinking {unknown}
 j - a scroll of enchant weapon {unknown}
 l - a scroll of recharging
 o - a scroll of enchant armour {unknown}
 p - a scroll of magic mapping {unknown}
 t - 3 scrolls of remove curse
Jewellery
 f - a ring of invisibility (left hand)
Potions
 x - a potion of poison
Books
 c - a book of Conjurations

   Spells                             Type                      Level
   *Magic Dart                        Conjuration                  1
   *Searing Ray                       Conjuration                  2
   *Dazzling Spray                    Conjuration/Hexes            3
   Fulminant Prism                    Conjuration/Hexes            4
   *Iskenderun's Mystic Blast         Conjuration                  4
   Iskenderun's Battlesphere          Conjuration/Charms           5
Magical staves
 u - a cursed staff of death


   Skills:
 + Level 4.2 Fighting
 + Level 5.5 Dodging
 - Level 2.1 Stealth
 + Level 5.3 Spellcasting
 + Level 10.1 Conjurations


You had 7 spell levels left.
You knew the following spells:

 Your Spells              Type           Power        Failure   Level  Hunger
a - Magic Dart            Conj           ####         1%          1    None
b - Searing Ray           Conj           ######       1%          2    None
c - Dazzling Spray        Conj/Hex       #####...     1%          3    ##.....
d - Iskenderun's Mystic   Conj           ######..     1%          4    ###....


Dungeon Overview and Level Annotations

Branches:
Dungeon (6/15)
 Temple: D:4-7

Altars:
Kikubaaqudgha
Trog
Vehumet
Yredelemnul
Zin

Annotations:
D:2 Sigmund


Message History

Deactivating autopickup; reactivate with Ctrl-A.
You feel sick.
A sky beast appears from thin air!
Reactivating autopickup.
The sky beast flickers out of sight!
Deactivating autopickup; reactivate with Ctrl-A.
You feel sick.
You are no longer poisoned.
You see here a scroll labeled FURIT EKIDOYRHOIV.
The giant frog hits you.
* * * LOW HITPOINT WARNING * * *
There is a stone staircase leading down here.
Casting: Dazzling Spray
Confirm with . or Enter, or press ? or * to list all spells.
Aiming: Dazzling Spray
Press: ? - help, Shift-Dir - straight line, f/p - adder
Aim: an adder The spray of energy misses the giant frog.
The giant frog hits you.
You die...

### . ...# # .#.#.#
#.#....# ....#.#
#.#.##.## #....@..#
..#####.#.F?###
#...........S.#####
####<........g.#
#......>###.# #####
###...###
#.####..g. #...#
#FS.S.a### ##.##
######## #
####(######### #


You could see a giant frog, a gnoll and an adder.

Vanquished Creatures
  Menkaure (D:5)
  A water moccasin (D:6)
  An orc warrior (D:5)
  A sky beast (D:5)
  2 ogres
  A phantom (D:5)
  3 centaurs
  A giant frog (D:6)
  A scorpion (D:4)
  2 crimson imps
  2 orc priests
  A giant frog zombie (D:5)
  3 hounds
  An iguana (D:5)
  3 orc wizards
  3 worker ants
  Terence (D:2)
  7 gnolls
  13 adders
  A shadow imp (D:5)
  A steam dragon skeleton (D:5)
  2 giant mites
  A worm (D:2)
  2 adder zombies
  2 oozes (D:2)
  23 orcs
  16 goblins
  13 hobgoblins
  14 jackals
  3 quokkas
  A ball python skeleton (D:4)
  14 bats
  4 giant cockroaches
  2 giant geckos
  8 giant newts
  A gnoll skeleton (D:5)
  A goblin zombie (D:5)
  A jackal skeleton (D:4)
  12 kobolds
  2 orc skeletons
  10 rats
182 creatures vanquished.

Vanquished Creatures (others)
  A giant spore (D:6)
1 creature vanquished.

Grand Total: 183 creatures vanquished

Notes
Turn   | Place    | Note
--------------------------------------------------------------
     0 | D:1      | Ratboiler, the High Elf Conjurer, began the quest for the Orb.
     0 | D:1      | Reached XP level 1. HP: 11/11 MP: 4/4
   102 | D:1      | Reached XP level 2. HP: 6/17 MP: 1/6
   106 | D:1      | Reached skill level 5 in Conjurations
   172 | D:1      | Learned a level 2 spell: Searing Ray
   454 | D:1      | Reached XP level 3. HP: 21/21 MP: 1/8
   518 | D:1      | Learned a level 3 spell: Dazzling Spray
   913 | D:2      | Noticed Sigmund
   972 | D:2      | Reached skill level 6 in Conjurations
  1093 | D:2      | Reached XP level 4. HP: 21/27 MP: 5/11
  1346 | D:2      | Noticed Terence
  1356 | D:2      | Killed Terence
  2014 | D:3      | Reached XP level 5. HP: 29/31 MP: 4/12
  2030 | D:3      | Reached skill level 7 in Conjurations
  2258 | D:2      | Found a radiant altar of Vehumet.
  2267 | D:2      | Became a worshipper of Vehumet
  2387 | D:3      | Found a glowing silver altar of Zin.
  3182 | D:4      | Reached skill level 8 in Conjurations
  3182 | D:4      | Reached XP level 6. HP: 18/36 MP: 5/15
  3448 | D:4      | Noticed an ogre
  3923 | D:4      | Killed an ogre
  4520 | D:4      | Found a bloodstained altar of Trog.
  4543 | D:4      | Reached skill level 9 in Conjurations
  4564 | D:4      | Reached skill level 1 in Fighting
  4564 | D:4      | Reached XP level 7. HP: 41/43 MP: 8/18
  4570 | D:4      | Learned a level 4 spell: Iskenderun's Mystic Blast
  4623 | D:4      | Acquired Vehumet's first power
  4623 | D:4      | Offered knowledge of Shock by Vehumet.
  5136 | D:5      | Entered Level 5 of the Dungeon
  5501 | D:5      | Found an ancient bone altar of Kikubaaqudgha.
  5662 | D:5      | Reached XP level 8. HP: 31/51 MP: 4/20
  6134 | D:5      | Noticed Menkaure
  6148 | D:5      | Killed Menkaure
  6185 | D:5      | Found a basalt altar of Yredelemnul.
  6339 | D:6      | Reached skill level 10 in Conjurations
  6340 | D:6      | Reached skill level 5 in Dodging
  6346 | D:6      | Offered knowledge of Freeze by Vehumet.
  6462 | D:6      | Reached skill level 5 in Spellcasting
  6529 | D:6      | Slain by a giant frog

Action                   |  1- 3 |  4- 6 |  7- 9 || total
-------------------------+-------+-------+-------++-------
Melee: Short sword       |    51 |     5 |       ||    56
       Dagger            |       |   123 |    87 ||   210
       Falchion          |       |       |    64 ||    64
 Cast: Magic Dart        |    48 |    60 |    16 ||   124
       Searing Ray       |     1 |     1 |       ||     2
       Dazzling Spray    |       |    33 |    37 ||    70
       Iskenderun's Myst |       |       |    15 ||    15
Evoke: Wand              |       |       |     1 ||     1
  Use: Potion            |     1 |     1 |     8 ||    10
       Scroll            |       |       |     2 ||     2
 Stab: Sleeping          |     1 |       |     1 ||     2
       Invisible         |       |     4 |     7 ||    11
       Distracted        |       |     1 |       ||     1
  Eat: Chunk             |     1 |    12 |     7 ||    20
       Fruit             |       |     3 |       ||     3
       Royal jelly       |       |       |     1 ||     1
       Pizza             |       |       |     1 ||     1
       Bread ration      |       |       |     1 ||     1
